 Dungeon Sprint DCSS version 0.31-a0-325-g067879e3d3 (webtiles) character file.

Game seed: 3642409544015600167

269 dialectric the Unseen (level 6, -10/64 HPs)
             Began as an Octopode Brigand on July 18, 2023.
             Mangled by a slime creature (15 damage)
             ... in the Dungeon (Sprint I: "Red Sonja").
             The game lasted 00:00:25 (52 turns).

dialectric the Unseen (Octopode Brigand)              Turns: 52, Time: 00:00:25

Health: -10/64     AC:  1    Str: 10    XL:     6   Next: 22%
Magic:  6/6        EV: 13    Int: 14    God:
Gold:   162        SH:  0    Dex: 15    Spells: 5/5 levels left

rFire   . . .        a - +2 dagger
rCold   . . .        (no shield)
rNeg    . . .        (helmet restricted)
rPois   .            (no amulet)
rElec   .            (no ring)
rCorr   .            (no ring)
SInv    .            (no ring)
Will    .....        (no ring) Stlth
                     (no ring)
HPRegen 0.30/turn    (no ring)
MPRegen 0.10/turn    (no ring)
                     (no ring)

%: no teleportation
@: berserking, very quick
A: almost no armour, amphibious, 8 rings, camouflage 1, gelatinous body 1,
(nimble swimmer 1), tentacles
a: no special abilities


You were in the Dungeon.
You visited 1 branch You collected 162 gold pieces.

Inventory:

Hand Weapons
 a - a +2 dagger (weapon)
Missiles
 b - 9 poisoned darts (quivered)
 c - 3 curare-tipped darts
Wands
 j - a wand of iceblast (8)
 k - a wand of flame (9)
Scrolls
 i - a scroll of blinking
Potions
 d - a potion of curing
 e - a potion of heal wounds
 f - a potion of haste
 g - 2 potions of magic


   Skills:
 + Level 3.6 Fighting
 + Level 3.8 Short Blades
 - Level 2.5 Throwing
 + Level 1.8 Dodging
 * Level 16.4 Stealth


You had 5 spell levels left.
You didn't know any spells.
Your spell library was empty.

Dungeon Overview and Level Annotations

Branches:
Dungeon (1/1)

Altars:
Makhleb
Xom
Jiyva
Lugonu


Innate Abilities, Weirdness & Mutations

You cannot wear most types of armour.
You are amphibious.
You can wear up to eight rings at the same time.
Your skin changes colour to match your surroundings (Stealth+).
Your rubbery body absorbs attacks. (AC +1, EV +1)
((You are camouflaged when in or above water. (Stealth+)))
You have tentacles for arms and can constrict up to eight enemies at once.


Message History

Found 54 gold pieces.
Found 54 gold pieces.
There is an open door here.
You now have 81 gold pieces (gained 27).
You now have 108 gold pieces (gained 27).
You now have 135 gold pieces (gained 27).
You now have 162 gold pieces (gained 27).
You open the door.
A slime creature comes into view.
Found a burning altar of Makhleb and a shimmering altar of Xom.
Found a viscous altar of Jiyva and a corrupted altar of Lugonu.
There is an open door here.
You hit the slime creature.
The slime creature is lightly wounded.
The slime creature hits you.
Unknown command.
You hit the slime creature. Your squeeze misses the slime creature.
The slime creature is lightly wounded.
The slime creature barely misses you.
You hit the slime creature. You squeeze the slime creature.
The slime creature is lightly wounded.
The slime creature hits you!
You hit the slime creature.
The slime creature is moderately wounded.
The slime creature hits you!
You completely miss the slime creature. You squeeze the slime creature!
The slime creature is moderately wounded.
Unknown command.
A red film seems to cover your vision as you go berserk!
You feel yourself moving faster!
You feel mighty! The slime creature hits you.
You completely miss the slime creature.
The slime creature is moderately wounded.
The slime creature hits you!
* * * LOW HITPOINT WARNING * * *
You barely miss the slime creature. You tentacle-slap the slime creature.
The slime creature is moderately wounded.
You puncture the slime creature!
The slime creature is severely wounded.
The slime creature hits you!
You die...

###################
#<.#.)'..#.)'..#__#
#..'..#.)'..#..@J.+
#..#####'#####+#__#
#..# #..# ### #..#
#### #..# #⌠⌠# ####


You could see a slime creature.

Vanquished Creatures
  Sigmund (D)
  An ogre (D)
  Ijyb (D)
3 creatures vanquished.

Notes
Turn   | Place    | Note
-------+----------+-------------------------------------------
     0 | D        | dialectric the Octopode Brigand began the quest for the
                  | Orb.
     0 | D        | Reached XP level 1. HP: 14/14 MP: 1/1
     2 | D        | Noticed Ijyb
     4 | D        | Killed Ijyb
     5 | D        | Reached skill level 8 in Stealth
     5 | D        | Reached XP level 2. HP: 20/20 MP: 2/2
     5 | D        | Reached XP level 3. HP: 25/25 MP: 3/3
     9 | D        | Noticed an ogre
    11 | D        | Killed an ogre
    12 | D        | Reached skill level 12 in Stealth
    12 | D        | Reached XP level 4. HP: 31/31 MP: 4/4
    14 | D        | Noticed Sigmund
    16 | D        | Killed Sigmund
    17 | D        | Reached skill level 16 in Stealth
    17 | D        | Reached XP level 5. HP: 37/37 MP: 5/5
    17 | D        | Reached XP level 6. HP: 43/43 MP: 6/6
    42 | D        | Found a burning altar of Makhleb.
    42 | D        | Found a shimmering altar of Xom.
    42 | D        | Noticed a slime creature
    43 | D        | Found a viscous altar of Jiyva.
    43 | D        | Found a corrupted altar of Lugonu.
    52 | D        | Mangled by a slime creature

Illustrated notes

Levels and vault maps discovered:
D:        dungeon_sprint_1 [red_sonja_temple_1, red_sonja_temple_small_1]

Skill      XL: |  1  2  3  4 |
---------------+-------------+-----
Stealth        | 8 12 16 | 16.4
Fighting       | 3 |  3.6
Short Blades   | 3 |  3.8
Throwing       | |  2.5
Dodging        | |  1.8

Action                     |  1- 3 |  4- 6 || total
---------------------------+-------+-------++-------
  Melee: Dagger            |     2 |     9 ||    11
         Tentacles         |       |     2 ||     2
         Punch             |       |     1 ||     1
    Use: Potion            |       |     1 ||     1
   Stab: Sleeping          |     2 |     1 ||     3
  Dodge: Dodged            |       |     1 ||     1

Table legend: (Time is in decaauts)
 A = Elapsed time spent in this place.
 B = Non-inter-level travel time spent in this place.
 C = Inter-level travel time spent in this place.
 D = Time resting spent in this place.
 E = Time spent auto-exploring this place.
 F = Levels seen in this place.
 G = Mean time per level.
                   A        B        C        D        E       F      G
               +--------+--------+--------+--------+--------+-----+--------+
         Total |     49 |     49 |      0 |      0 |      0 |   1 |   49.0 |
       Dungeon |     49 |     49 |      0 |      0 |      0 |   1 |   49.0 |
               +--------+--------+--------+--------+--------+-----+--------+

Top non-repeatable levels by time:
       D: 49 daAuts
